 Dungeon Crawl Stone Soup version 0.28-a0-1555-g9ae15a6949 (webtiles) character file.

Game seed: 10586232960891192775

133 issech the Shield-Bearer (level 4, -4/44 HPs)
             Began as a Troll Fighter on Jan 19, 2022.
             Slain by Sigmund (7 damage)
             ... on level 3 of the Dungeon.
             The game lasted 00:06:52 (2131 turns).

issech the Shield-Bearer (Troll Fighter)            Turns: 2131, Time: 00:06:52

Health: -4/44      AC:  4    Str: 24    XL:     4   Next: 93%
Magic:  3/3        EV:  9    Int:  4    God:
Gold:   56         SH:  8    Dex: 11    Spells: 3/3 levels left

rFire   . . .      SeeInvis .   a - +0 flail
rCold   . . .      Faith    .   c - +0 kite shield
rNeg    . . .      Spirit   .   b - +0 robe
rPois   .          Reflect  .   i - +0 hat
rElec   .          Harm     .   (no cloak)
rCorr   .          Rampage  .   (gloves unavailable)
Will    .....                   (boots unavailable)
Stlth   +.........              (no amulet)
HPRegen 0.94/turn               (no ring)
MPRegen 0.08/turn               (no ring)

@: mighty
A: large, unfitting armour, claws 3, regeneration 1, shaggy fur 1, tough skin 1
a: no special abilities


You were on level 3 of the Dungeon.
You visited 1 branch of the dungeon, and saw 3 of its levels.

You collected 56 gold pieces.

Inventory:

Hand Weapons
 a - a +0 flail (weapon)
 m - a +0 falchion
Missiles
 f - 94 stones (quivered)
 j - 2 poisoned darts
 l - 20 sling bullets
Armour
 b - a +0 robe (worn)
 c - a +0 kite shield (worn)
 i - a +0 hat (worn)
 o - a +0 animal skin
Wands
 p - a wand of iceblast (10)
Scrolls
 h - 2 scrolls of blinking {unknown}
 k - a scroll of silence {unknown}
 n - a scroll of identify {unknown}
 q - a scroll of teleportation {unknown}
Potions
 e - a potion of brilliance {unknown}
 g - 2 potions of attraction {unknown}


   Skills:
 + Level 2.8 Fighting
 + Level 2.9 Maces & Flails
 + Level 3.0 Dodging
 + Level 3.2 Shields


You had 3 spell levels left.
You didn't know any spells.
Your spell library contained the following spells:

 Spells                   Type           Power      Damage    Failure   Level
 Confusing Touch          Hex            0%         N/A       99%         3
 Yara's Violent Unravell  Hex/Tmut       0%         3d3       100%        5
 Enfeeble                 Hex            0%         N/A       100%        7


Dungeon Overview and Level Annotations

Branches:
Dungeon (3/15)

Altars:

Annotations:
D:3 Sigmund


Innate Abilities, Weirdness & Mutations

You are too large for most types of armour.
You have claws for hands.
Your natural rate of healing is unusually fast.
You are covered in fur. (AC +1)
You have tough skin. (AC +1)


Message History

Sigmund casts a spell.
Sigmund flickers and vanishes!
Deactivating autopickup; reactivate with Ctrl-A.
You thump the bat!
You kill the bat!
The bat hits you but does no damage.
You feel less confused.
You hear some strange, mumbled words.
Something tries to affect you, but you resist.
The bat closely misses you.
You see here a bat corpse.
The bat hits you but does no damage. Something hits you. Something burns you.
The bat hits you.
You hear some strange, mumbled words.
A puff of flame appears from out of thin air!
The puff of flame hits you!
You see here a bat corpse.
You hear some strange, mumbled words.
You are confused.
The bat barely misses you. The bat hits you.
You hear some strange, mumbled words.
Something tries to affect you, but you resist.
You're too confused to move!
The bat hits you but does no damage. Something completely misses you.
You're too confused to move!
The bat hits you but does no damage. The bat hits you but does no damage.
Something hits you. Something burns you. The bat hits you but does no damage.
You miss something. The bat closely misses you.
The bat hits you but does no damage.
You barely miss something.
You feel less confused. The bat closely misses you. Something hits you!
Something burns you.
* * * LOW HITPOINT WARNING * * *
Something hits you!
* * * LOW HITPOINT WARNING * * *
Something burns you.
* * * LOW HITPOINT WARNING * * *
You feel very mighty all of a sudden. The bat closely misses you.
Something hits you!
You die...

...............
.....#...##....#.....##
.....#...# #..........##
....##...##..#.........#
.....#......##.........#
####......####.........#
.######.....##.........#
.....##...#....{.......#
)...)...#.## #..@.....##
####.......###.†.......#
# #.........#...b.......
##......................
........................
##...........#......!...
###..........##.........
g.##...#...#..##........
.....#######..#####.##..


You could see a bat.

Vanquished Creatures
  Ijyb (D:3)
  An orc wizard (D:3)
  Robin (D:3)
  An adder (D:2)
  A dart slug (D:2)
  2 orcs (D:3)
  3 endoplasms
  3 giant cockroaches
  8 goblins
  9 hobgoblins
  4 jackals (D:2)
  2 quokkas
  2 ball pythons
  4 bats
  4 frilled lizards
  3 kobolds
  5 rats
54 creatures vanquished.

Notes
Turn   | Place    | Note
-------+----------+-------------------------------------------
     0 | D:1      | issech the Troll Fighter began the quest for the Orb.
     0 | D:1      | Reached XP level 1. HP: 22/22 MP: 0/0
   944 | D:1      | Reached XP level 2. HP: 29/29 MP: 1/1
  1248 | D:2      | Reached XP level 3. HP: 36/36 MP: 2/2
  1319 | D:2      | Found a faded altar of an unknown god.
  1894 | D:3      | Noticed Ijyb
  1929 | D:3      | Killed Ijyb
  1930 | D:3      | Reached XP level 4. HP: 22/44 MP: 3/3
  1965 | D:3      | Noticed Robin
  1973 | D:3      | Killed Robin
  2115 | D:3      | Noticed Sigmund
  2130 | D:3      | HP: 2/44 [something (2)]
  2131 | D:3      | Slain by Sigmund

Illustrated notes

Levels and vault maps discovered:
D:1:      dpeg_arrival_windows_large_door, layout_basic, serial_glass,
          glass_columns_b, glass_columns_a
D:2:      layout_loops_cross, hellmonk_ecumenical_altar_pennies_from_heaven
D:3:      layout_rooms, uniq_sigmund, uniq_robin, uniq_ijyb, uniq_grinder

Skill      XL: |  1  2  3  4 |
---------------+-------------+-----
Maces & Flails | 2 |  2.9
Shields        | 3 |  3.2
Dodging        | 3 |  3.0
Fighting       | |  2.8

Action                   |  1- 3 |  4- 6 || total
-------------------------+-------+-------++-------
Melee: Flail             |   129 |    46 ||   175
  Use: Potion            |       |     1 ||     1
Armor: Robe              |    43 |    31 ||    74
Dodge: Dodged            |    53 |    17 ||    70
Block: Kite shield       |    86 |    18 ||   104

Table legend: (Time is in decaauts)
 A = Elapsed time spent in this place.
 B = Non-inter-level travel time spent in this place.
 C = Inter-level travel time spent in this place.
 D = Time resting spent in this place.
 E = Time spent auto-exploring this place.
 F = Levels seen in this place.
 G = Mean time per level.
                   A        B        C        D        E       F      G
               +--------+--------+--------+--------+--------+-----+--------+
         Total |   2210 |   2141 |     69 |     29 |   1252 |   3 |  736.7 |
       Dungeon |   2210 |   2141 |     69 |     29 |   1252 |   3 |  736.7 |
               +--------+--------+--------+--------+--------+-----+--------+

Top non-repeatable levels by time:
     D:1: 1166 daAuts
     D:2: 748 daAuts
     D:3: 296 daAuts
